 Dungeon Crawl Stone Soup version 0.30-a0-626-gd6a5dd7a1f (webtiles) character file.

Game seed: 796727515985888806

53 ryw the Grave Robber (level 3, 0/19 HPs)
             Began as a Deep Elf Necromancer on Jan 12, 2023.
             Slain by a crimson imp (2 damage)
             ... summoned by Natasha
             ... on level 2 of the Dungeon.
             The game lasted 00:02:31 (1240 turns).

ryw the Grave Robber (Deep Elf Necromancer)         Turns: 1240, Time: 00:02:31

Health: 0/19       AC:  3    Str:  5    XL:     3   Next: 64%
Magic:  0/9        EV: 12    Int: 21    God:
Gold:   119        SH:  0    Dex: 15    Spells: 4/8 levels left

rFire   . . .      SeeInvis .    m - +0 short sword
rCold   . . .      Faith    .    (no shield)
rNeg    . . .      Spirit   .    a - +0 robe
rPois   .          Reflect  .    (no helmet)
rElec   .          Harm     .    (no cloak)
rCorr   .          Rampage  .    l - +0 pair of gloves
Will    .....                    (no boots)
Stlth   ++                       (no amulet)
HPRegen 0.23/turn                (no ring)
MPRegen 0.11/turn                (no ring)

@: no status effects
A: no striking features
a: no special abilities


You were on level 2 of the Dungeon.
You visited 1 branch of the dungeon, and saw 2 of its levels.

You collected 119 gold pieces.

Inventory:

Hand Weapons
 m - a +0 short sword (weapon)
Armour
 a - a +0 robe (worn)
 l - a +0 pair of gloves (worn)
Jewellery
 f - a ring of resist corrosion
Scrolls
 d - a scroll of poison {unknown}
 e - a scroll of amnesia {unknown}
 g - a scroll of magic mapping {unknown}
 i - 2 scrolls of noise {unknown}
 j - a scroll of blinking {unknown}
 k - 3 scrolls of torment {unknown}
 n - a scroll of teleportation {unknown}
Potions
 b - a potion of magic
 c - 4 potions of degeneration {unknown}
 h - 2 potions of brilliance {unknown}


   Skills:
 + Level 0.0 Fighting
 + Level 2.4 Dodging
 - Level 2.4 Stealth
 - Level 3.0 Spellcasting
 * Level 6.5 Necromancy


You had 4 spell levels left.
You knew the following spells:

 Your Spells              Type           Power      Damage    Failure   Level
a - Necrotise             Necr           100%       1d9       1%          1
b - Vampiric Draining     Necr           30%        2d8       2%          3

Your spell library contained the following spells:

 Spells                   Type           Power      Damage    Failure   Level
 Animate Dead             Necr           30%        N/A       9%          4
 Freeze                   Ice            12%        1d3       13%         1
 Slow                     Hex            12%        N/A       13%         1
 Frozen Ramparts          Ice            6%         1d1       36%         3
 Hailstorm                Conj/Ice       3%         3d3       36%         3
 Agony                    Necr           30%        N/A       26%         5


Dungeon Overview and Level Annotations

Branches:
Dungeon (2/15)

Altars:

Annotations:
D:2 Natasha


Message History

Casting: Vampiric Draining (quite dangerous; 2% risk of failure)
Confirm with . or Enter, or press ? or * to list all spells.
Aiming: Vampiric Draining (quite dangerous; 2% risk of failure)
Press: ? - help, Shift-Dir - straight line, f/p - Natasha
Aim: Natasha (heavily wounded, spells empowered)
You draw life force from Natasha.
You feel life coursing into your body.
Natasha growls.
Natasha mumbles some strange words.
The crimson imp closely misses you.
Casting: Vampiric Draining (quite dangerous; 2% risk of failure)
Confirm with . or Enter, or press ? or * to list all spells.
You don't have enough magic to cast this spell.
Unknown command.
Casting: Vampiric Draining (quite dangerous; 2% risk of failure)
Confirm with . or Enter, or press ? or * to list all spells.
Aiming: Necrotise (safe; 1% risk of failure)
Press: ? - help, Shift-Dir - straight line, f/p - Natasha
Aim: Natasha (almost dead, spells empowered, chance to affect: 83%) Natasha writhes in agony.
Natasha claws you. The crimson imp hits you. x2
You closely miss Natasha.
Natasha is almost dead.
Natasha claws you!
* * * LOW HITPOINT WARNING * * *
The crimson imp hits you but does no damage.
The crimson imp hits you.
* * * LOW HITPOINT WARNING * * *
Casting: Necrotise (safe; 1% risk of failure)
Confirm with . or Enter, or press ? or * to list all spells.
You don't have enough magic to cast this spell.
Unknown command.
Casting: Necrotise (safe; 1% risk of failure)
Confirm with . or Enter, or press ? or * to list all spells.
Aiming: Necrotise (safe; 1% risk of failure)
Press: ? - help, Shift-Dir - straight line, f/p - Natasha
Aim: Natasha (almost dead, spells empowered, chance to affect: 83%) Natasha barely resists.
Natasha howls an incantation.
You feel troubled. Natasha closely misses you. The crimson imp hits you.
You die...

#.....##....##. ...
....#..+.....#. ....
####.####.....#.
....###### #.# #.....#.
.........# #.....#.
.<.......# #.....#.
.........# ###.....#.
......5h.# #.......#.
≈≈≈...5@.#### #.......#'
≈!≈.........###.........
≈≈≈.........'...........
............#########...
####'######## #... ...
#### ##. #.


You could see Natasha (empowered) and 2 crimson imps.

Vanquished Creatures
  Natasha (D:2)
  An adder (D:2)
  A worm (D:2)
  A goblin (D:1)
  2 hobgoblins (D:1)
  A quokka (D:1)
  3 ball pythons
  4 bats
  2 frilled lizards
  2 kobolds
  A rat (D:2)
19 creatures vanquished.

Vanquished Creatures (collateral kills)
  An endoplasm (D:2)
1 creature vanquished.

Vanquished Creatures (others)
  2 plants (D:2)
2 creatures vanquished.

Grand Total: 22 creatures vanquished

Notes
Turn   | Place    | Note
-------+----------+-------------------------------------------
     0 | D:1      | ryw the Deep Elf Necromancer began the quest for the Orb.
     0 | D:1      | Reached XP level 1. HP: 10/10 MP: 6/6
   159 | D:1      | Reached skill level 5 in Necromancy
   620 | D:1      | Reached XP level 2. HP: 15/15 MP: 6/8
   916 | D:2      | Noticed Natasha
   921 | D:2      | Killed Natasha
   922 | D:2      | Reached skill level 6 in Necromancy
   922 | D:2      | Reached XP level 3. HP: 19/19 MP: 3/9
  1017 | D:2      | Found a faded altar of an unknown god.
  1025 | D:2      | Got Plato's Tome of Bad Luck
  1085 | D:2      | Learned a level 3 spell: Vampiric Draining
  1230 | D:2      | Noticed Natasha
  1240 | D:2      | Slain by a crimson imp

Illustrated notes

Levels and vault maps discovered:
D:1:      lemuel_arrival_cross, layout_basic
D:2:      layout_basic, shapermc_ecumenical_altar_rom_forum,
          minmay_misc_feat_room, corexii_item_surrounded_by_moat,
          nicolae_elevator_lobby_asterisk, uniq_natasha

Skill      XL: |  1  2 |
---------------+-------+-----
Necromancy     | 5 6 |  6.5
Dodging        | |  2.4
Stealth        | |  2.4
Spellcasting   | |  3.0

Action                   || total
-------------------------++-------
Melee: Short sword       ||     1
 Cast: Necrotise         ||    38
       Vampiric Draining ||     2
Armor: Robe              ||     6
Dodge: Dodged            ||    13

Table legend: (Time is in decaauts)
 A = Elapsed time spent in this place.
 B = Non-inter-level travel time spent in this place.
 C = Inter-level travel time spent in this place.
 D = Time resting spent in this place.
 E = Time spent auto-exploring this place.
 F = Levels seen in this place.
 G = Mean time per level.
                   A        B        C        D        E       F      G
               +--------+--------+--------+--------+--------+-----+--------+
         Total |   1239 |   1221 |     18 |     81 |    976 |   2 |  619.5 |
       Dungeon |   1239 |   1221 |     18 |     81 |    976 |   2 |  619.5 |
               +--------+--------+--------+--------+--------+-----+--------+

Top non-repeatable levels by time:
     D:1: 807 daAuts
     D:2: 431 daAuts
